AoeStats
← SnK | YSYSMOOO

Arena

507393832Analyzed
3v3 RM · 15d ago on Sep 18, 2026· 50m 15s· 6 players
Game mode
Random Map
Map size
Normal (6 player)
Population
200
Speed
Normal
Resources
Standard
Victory
Conquest
Starting age
Dark Age
Ending age
Imperial Age
RankedLock teamsTeams togetherTeam positionsShared explorationLock speedFull tech treeHidden civsTurbo modeCheats
Victory
Defeat
🇦🇷 Turks · Argentina
1645
+2
🇦🇷 Spanish · Argentina
1056
+19
🇦🇷 Cumans · Argentina
996
+21
🇦🇷 Burgundians · Argentina
1184
-15
🇦🇷 Ethiopians · Argentina
1181
-15
🇦🇷 Maya · Argentina
1128
-12
Capochaneta
5:17 Double-Bit Axe
11:14 Feudal Age
15:24 Castle Age
13:42 Bow Saw
17:18 Horse Collar
19:15 Wheelbarrow
18:46 Heavy Plow
21:29 Gold Mining
24:36 Hand Cart
27:18 Gold Shaft Mining
27:01 Stone Mining
30:31 Imperial Age
28:33 Scale Barding Armor
28:38 Forging
29:19 Stone Shaft Mining
28:54 Cavalier
30:18 Husbandry
31:03 Chain Barding Armor
33:41 Plate Barding Armor
33:41 Iron Casting
36:22 Chemistry
36:03 Crop Rotation
35:45 Paladin
38:10 Conscription
39:13 Blast Furnace
42:14 Pikeman
42:56 Squires
42:42 Arson
43:00 Scale Mail Armor
42:43 Halberdier
44:12 Ballistics
44:53 Chain Mail Armor
47:22 Plate Mail Armor
Tracio1560
10:07 Feudal Age
10:24 Loom
13:43 Castle Age
12:20 Double-Bit Axe
27:48 Fletching
27:57 Horse Collar
28:27 Bodkin Arrow
32:26 Imperial Age
33:19 Squires
33:05 Arson
34:52 Capped Ram
39:20 Forging
39:10 Scale Mail Armor
40:04 Gold Mining
40:17 Siege Ram
42:59 Gold Shaft Mining
43:53 Iron Casting
43:33 Chain Mail Armor
45:42 Blast Furnace
46:16 Crossbowman
47:02 Thumb Ring
46:58 Bracer
47:16 Arbalester
47:58 Padded Archer Armor
48:22 Bow Saw
48:49 Wheelbarrow
48:47 Ballistics
49:34 Chemistry
[CLag] EENZITO
0:26 Loom
9:15 Feudal Age
9:38 Feudal Age
15:17 Castle Age
13:59 Double-Bit Axe
25:23 Fletching
29:34 Bodkin Arrow
31:46 Padded Archer Armor
37:29 Ballistics
37:50 Thumb Ring
41:05 Wheelbarrow
40:45 Town Watch
42:00 Leather Archer Armor
42:32 Pikeman
SnK | YSYSMOOO
10:25 Feudal Age
10:27 Loom
12:07 Double-Bit Axe
14:41 Castle Age
13:34 Horse Collar
19:45 Padded Archer Armor
21:30 Bow Saw
29:51 Wheelbarrow
30:06 Heavy Plow
30:29 Stone Mining
32:35 Hand Cart
32:20 Town Watch
36:39 Imperial Age
34:24 Scale Barding Armor
34:41 Forging
34:39 Gold Mining
35:47 Bloodlines
35:37 Husbandry
36:00 Chain Barding Armor
36:18 Forging
38:02 Plate Barding Armor
36:52 Heavy Camel Rider
39:10 Iron Casting
39:23 Conscription
41:20 Blast Furnace
44:15 Fletching
45:32 Elite Janissary
47:04 Leather Archer Armor
47:19 Bodkin Arrow
47:45 Ballistics
47:47 Bombard Tower
48:20 Ring Archer Armor
48:46 Town Patrol
49:55 Two-Man Saw
SnK MaTyYkai9z
3:13 Loom
12:14 Feudal Age
16:46 Castle Age
17:19 Stone Mining
17:18 Double-Bit Axe
20:30 Padded Archer Armor
20:33 Gold Mining
32:56 Imperial Age
35:04 Bow Saw
41:37 Leather Archer Armor
41:14 Fletching
42:29 Wheelbarrow
44:19 Two-Man Saw
48:32 Hand Cart
48:36 Horse Collar
50:36 Stone Shaft Mining
50:40 Heavy Plow
SnK | ARAÑA
10:51 Feudal Age
13:08 Forging
12:59 Scale Mail Armor
12:54 Man-at-Arms
14:12 Man-at-Arms
15:20 Arson
20:20 Loom
23:54 Castle Age
22:40 Double-Bit Axe
23:06 Horse Collar
25:19 Iron Casting
25:00 Chain Mail Armor
24:53 Scale Barding Armor
25:20 Bloodlines
27:14 Bow Saw
31:56 Wheelbarrow
32:03 Chain Barding Armor
31:34 Fletching
33:48 Hand Cart
39:22 Imperial Age
36:51 Light Cavalry
38:28 Heavy Plow
38:21 Gold Mining
39:30 Cavalier
41:07 Plate Barding Armor
41:45 Blast Furnace
41:44 Paladin
45:18 Hussar
48:26 Caravan
49:50 Chemistry
Connection lost

Rejoining the realm…

Still unreachable

The connection could not be restored.

Session expired

The server has moved on; the page needs a fresh start.